 Dungeon Crawl Stone Soup version 0.18.1-50-g88ac8fd (webtiles) character file.

94 Kurtz the Ruffian (level 4, -2/35 HPs)
             Began as a Mummy Monk on June 16, 2018.
             Killed from afar by Blork the orc (4 damage)
             ... with a puff of frost
             ... on level 5 of the Dungeon.
             The game lasted 00:03:35 (2751 turns).

Kurtz the Ruffian (Mummy Monk)                      Turns: 2751, Time: 00:03:36

Health: -2/35      AC:  1    Str: 15    XL:     4   Next: 38%
Magic:  4/4        EV: 13    Int:  9    God:
Gold:   70         SH:  0    Dex: 14    Spells: 0 memorised, 3 levels left

rFire  x . .     SeeInvis .       - Unarmed
rCold  + . .     Gourm    .     (no armour)
rNeg   + + +     Faith    .     (no shield)
rPois  ∞         Spirit   .     (no helmet)
rElec  .         Dismiss  .     (no cloak)
rCorr  .         Reflect  .     i - +0 pair of gloves of Utov {rPois} (curse)
SustAt +         Harm     .     (no boots)
MR     .....                    (no amulet)
Stlth  +++.......               h - ring of stealth
                                b - ring of sustain attributes

@: not resistant to hostile enchantments, fairly stealthy
A: no food or potions, fire vulnerability, cold resistance 1, negative energy
resistance 3, torment resistance, unbreathing
a: no special abilities


You were on level 5 of the Dungeon.
You were not hungry.

You visited 1 branch of the dungeon, and saw 5 of its levels.

You collected 70 gold pieces.

Inventory:

Armour
 f - a +0 pair of gloves
 i - the cursed +0 pair of gloves of Utov (worn) {rPois}
   (You found it on level 6 of the Dungeon)

   It protects you from poison.
   It has a curse placed upon it.
Jewellery
 b - a ring of sustain attributes (left hand)
 g - an uncursed ring of ice
 h - a ring of stealth (right hand)
Scrolls
 a - a scroll of identify
 c - 2 scrolls of teleportation
 d - a scroll of fog
 e - 3 scrolls of remove curse


   Skills:
 - Level 3.0 Fighting
 - Level 2.4 Dodging
 + Level 1.6 Stealth
 * Level 4.8 Unarmed Combat


You had 3 spell levels left.
You didn't know any spells.

Dungeon Overview and Level Annotations

Branches:
Dungeon (6/15)
 Temple: D:4-7

Altars:

Annotations:
D:5 Blork the orc


Innate Abilities, Weirdness & Mutations

You do not eat or drink.
Your flesh is vulnerable to fire.
You are immune to poison.
Your flesh is cold resistant.
You are immune to negative energy.
You are immune to unholy pain and torment.
You can survive without breathing.


Message History

Blork the orc burns you.
You barely miss Blork the orc.
Blork the orc points at you and mumbles some strange words.
The puff of flame hits you! The fire burns you terribly!
* * * LOW HITPOINT WARNING * * *
You hit Blork the orc.
Blork the orc is lightly wounded.
Blork the orc gestures at you while chanting.
The magic dart hits you!
* * * LOW HITPOINT WARNING * * *
You hit Blork the orc.
Blork the orc is lightly wounded.
Blork the orc drinks a potion.
Blork the orc seems to grow stronger.
You barely miss Blork the orc.
Blork the orc is lightly wounded.
You hit Blork the orc.
Blork the orc is moderately wounded.
Blork the orc points at you and mumbles some strange words.
The puff of frost hits you! You resist.
You die...

#.......## ##.##
##.....## ### #
##...## #. ### ##'##
.. ..# #.####### #
.. #.# #.......#
#..#. #.# ##.......#
#.....#.###.....>..#
#..†..o@........#
..%..##.###....<...#
#.# #.# ##.....>.##
#.# ##............
..# ####.########
### ###


You could see Blork the orc.

Vanquished Creatures
  A howler monkey skeleton (D:6)
  2 gnolls (D:2)
  An adder (D:5)
  2 worms (D:2)
  2 dart slugs
  A giant gecko (D:2)
  A ball python (D:1)
  A giant cockroach (D:1)
  7 goblins
  5 hobgoblins
  8 jackals
  4 bats
  3 giant newts
  6 kobolds (D:1)
  2 rats (D:1)
46 creatures vanquished.

Notes
Turn   | Place    | Note
--------------------------------------------------------------
     0 | D:1      | Kurtz the Mummy Monk began the quest for the Orb.
     0 | D:1      | Reached XP level 1. HP: 18/18 MP: 1/1
   302 | D:1      | Reached XP level 2. HP: 20/24 MP: 2/2
   918 | D:1      | Reached skill level 4 in Unarmed Combat
  1345 | D:1      | Reached XP level 3. HP: 25/29 MP: 3/3
  2338 | D:2      | Reached XP level 4. HP: 35/35 MP: 4/4
  2477 | D:3      | You fall through a shaft for 3 floors!
  2535 | D:6      | Got a pair of pitted gloves
  2546 | D:6      | Identified the cursed +0 pair of gloves of Utov {rPois} (You found it on level 6 of the Dungeon)
  2676 | D:5      | Entered Level 5 of the Dungeon
  2729 | D:5      | Noticed Blork the orc
  2748 | D:5      | HP: 1/35 [Blork the orc/magic dart (9)]
  2751 | D:5      | Killed from afar by Blork the orc

Skill      XL: |  1  2 |
---------------+-------+-----
Unarmed Combat | 4 |  4.8
Fighting       | |  3.0
Dodging        | |  2.4
Stealth        | |  1.6

Action                   |  1- 3 |  4- 6 || total
-------------------------+-------+-------++-------
Melee: Unarmed           |   133 |    31 ||   164
       Punch             |     2 |     2 ||     4
  Use: Scroll            |       |     3 ||     3
 Stab: Sleeping          |     2 |       ||     2
Armor: Skin              |    10 |     3 ||    13
Dodge: Dodged            |    73 |    18 ||    91
